 Dungeon Crawl Stone Soup version 0.29.1-4-g47bece8355 (webtiles) character file.

Game seed: 8015878922785163536

100 zeram the Grave Robber (level 4, 0/32 HPs)
             Began as a Gnoll Necromancer on Dec 9, 2022.
             Slain by an orc wizard
             ... wielding a +3 dagger
              (4 damage)
             ... on level 3 of the Dungeon.
             The game lasted 00:04:47 (2262 turns).

zeram the Grave Robber (Gnoll Necromancer)          Turns: 2262, Time: 00:04:48

Health: 0/32       AC:  3    Str:  7    XL:     4   Next: 74%
Magic:  4/11       EV: 17    Int: 16    God:
Gold:   124        SH:  0    Dex: 13    Spells: 9/13 levels left

rFire   . . .      SeeInvis .   d - +0 dagger
rCold   . . .      Faith    .   (no shield)
rNeg    . . .      Spirit   .   a - +0 robe
rPois   .          Reflect  .   (no helmet)
rElec   .          Harm     .   (no cloak)
rCorr   .          Rampage  .   (no gloves)
Will    .....                   l - +0 pair of boots
Stlth   +++.......              (no amulet)
HPRegen 0.10/turn               f - +4 ring of evasion
MPRegen 0.12/turn               (no ring)

@: no status effects
A: fangs 1, strong nose, distributed training
a: no special abilities


You were on level 3 of the Dungeon.
You visited 1 branch of the dungeon, and saw 3 of its levels.

You collected 124 gold pieces.

Inventory:

Hand Weapons
 d - a +0 dagger (weapon)
Armour
 a - a +0 robe (worn)
 l - a +0 pair of boots (worn)
Jewellery
 f - a +4 ring of evasion (left hand)
 j - a ring of ice
Scrolls
 k - a scroll of summoning {unknown}
Potions
 b - a potion of magic
 c - a potion of resistance
 e - a potion of curing
 g - a potion of might
 h - a potion of degeneration {unknown}
 i - a potion of attraction {unknown}
 m - 2 potions of lignification {unknown}
 n - a potion of haste {unknown}


   Skills:
 + Level 1.2 Fighting
 + Level 1.2 Short Blades
 + Level 1.2 Long Blades
 + Level 1.2 Axes
 + Level 1.2 Maces & Flails
 + Level 1.2 Polearms
 + Level 1.2 Staves
 + Level 1.2 Ranged Weapons
 + Level 1.2 Throwing
 + Level 1.2 Armour
 + Level 4.7 Dodging
 + Level 4.3 Stealth
 + Level 1.2 Shields
 + Level 1.2 Unarmed Combat
 + Level 5.1 Spellcasting
 + Level 1.0 Conjurations
 + Level 1.0 Hexes
 + Level 1.0 Summonings
 + Level 7.1 Necromancy
 + Level 1.0 Translocations
 + Level 1.0 Transmutations
 + Level 1.0 Fire Magic
 + Level 1.0 Ice Magic
 + Level 1.0 Air Magic
 + Level 1.0 Earth Magic
 + Level 1.0 Poison Magic
 + Level 1.4 Invocations
 + Level 1.2 Evocations


You had 9 spell levels left.
You knew the following spells:

 Your Spells              Type           Power      Damage    Failure   Level
a - Necrotise             Necr           100%       1d9       1%          1
b - Vampiric Draining     Necr           27%        2d7       2%          3

Your spell library contained the following spells:

 Spells                   Type           Power      Damage    Failure   Level
 Animate Dead             Necr           27%        N/A       8%          4
 Agony                    Necr           27%        N/A       22%         5
 Conjure Flame            Conj/Fire      7%         6-21      28%         3
 Ignite Poison            Fire/Tmut/Pois 7%         N/A       28%         3
 Sticky Flame             Conj/Fire      7%         2d3       67%         4
 Haunt                    Necr/Summ      8%         N/A       100%        7
 Infestation              Necr           13%        N/A       100%        8


Dungeon Overview and Level Annotations

Branches:
Dungeon (3/15)

Altars:


Innate Abilities, Weirdness & Mutations

You have very sharp teeth.
Your uncanny sense of smell can sniff out nearby items.
Your experience applies equally to all skills.


Message History

Your orc skeleton completely misses the hobgoblin.
You hit the orc wizard.
The orc wizard is moderately wounded.
The hobgoblin hits your orc skeleton with a +0 mace!
Your orc skeleton is destroyed!
The orc wizard gestures at you while chanting.
The puff of flame hits you!
Your orc skeleton hits the orc wizard.
You miss the orc wizard. You punch the orc wizard.
The orc wizard is moderately wounded.
The orc wizard barely misses you.
The hobgoblin hits your orc skeleton with a +0 mace.
Your orc skeleton hits the orc wizard but does no damage.
You completely miss the orc wizard.
The orc wizard is moderately wounded.
The hobgoblin hits your orc skeleton with a +0 mace.
Your orc skeleton is destroyed!
The orc wizard barely misses you.
You hit the orc wizard.
The orc wizard is severely wounded.
The orc wizard misses you. The hobgoblin closely misses you.
You barely miss the orc wizard.
The orc wizard is severely wounded.
The hobgoblin completely misses you.
The orc wizard hits you with a +3 dagger.
You closely miss the orc wizard. Your bite misses the orc wizard.
The orc wizard is severely wounded.
The hobgoblin hits you with a +0 mace!
* * * LOW HITPOINT WARNING * * *
The orc wizard hits you with a +3 dagger.
* * * LOW HITPOINT WARNING * * *
The hobgoblin completely misses you.
Casting: Necrotise (safe; 1% risk of failure)
Confirm with . or Enter, or press ? or * to list all spells.
Aiming: Vampiric Draining (dangerous; 2% risk of failure)
Press: ? - help, Shift-Dir - straight line, f - hobgoblin
Aim: a hobgoblin, wielding a +0 mace (fast)
You draw life force from the hobgoblin.
You feel life coursing into your body. The hobgoblin completely misses you.
The orc wizard hits you with a +3 dagger.
You die...

#.....#
#....>#
#.....#
###.....# ...
....... ...
#....# ... ∆
#.)go# ..
#..@.# .#
#....##.# #
#.......###.#
#...........#
#....?......#
#...........#
#..........##
+....#######
∆ ##.#.#


You could see an orc wizard and a hobgoblin (fast).

Vanquished Creatures
  2 gnolls (D:2)
  2 adders
  A worm (D:2)
  2 dart slugs
  3 orcs (D:3)
  3 endoplasms (D:1)
  4 giant cockroaches
  6 goblins
  3 hobgoblins
  2 kobolds
  A quokka (D:1)
  4 ball pythons
  4 bats
  3 frilled lizards
  2 rats (D:1)
42 creatures vanquished.

Vanquished Creatures (collateral kills)
  A gnoll (D:2)
  A ball python (D:2)
2 creatures vanquished.

Grand Total: 44 creatures vanquished

Notes
Turn   | Place    | Note
-------+----------+-------------------------------------------
     0 | D:1      | zeram the Gnoll Necromancer began the quest for the Orb.
     0 | D:1      | Reached XP level 1. HP: 13/13 MP: 6/6
   262 | D:1      | Reached XP level 2. HP: 11/20 MP: 7/7
  1100 | D:2      | Reached skill level 5 in Spellcasting
  1100 | D:2      | Reached XP level 3. HP: 25/25 MP: 7/9
  1132 | D:2      | Reached skill level 1 in Invocations
  1179 | D:2      | Reached skill level 1 in Fighting
  1179 | D:2      | Reached skill level 1 in Short Blades
  1179 | D:2      | Reached skill level 1 in Long Blades
  1179 | D:2      | Reached skill level 1 in Axes
  1179 | D:2      | Reached skill level 1 in Maces & Flails
  1179 | D:2      | Reached skill level 1 in Polearms
  1179 | D:2      | Reached skill level 1 in Staves
  1179 | D:2      | Reached skill level 1 in Ranged Weapons
  1179 | D:2      | Reached skill level 1 in Throwing
  1179 | D:2      | Reached skill level 1 in Armour
  1179 | D:2      | Reached skill level 1 in Shields
  1179 | D:2      | Reached skill level 1 in Unarmed Combat
  1179 | D:2      | Reached skill level 1 in Evocations
  1193 | D:2      | Reached XP level 4. HP: 4/32 MP: 2/11
  1217 | D:2      | Learned a level 3 spell: Vampiric Draining
  1866 | D:2      | Reached skill level 1 in Conjurations
  1866 | D:2      | Reached skill level 1 in Hexes
  1866 | D:2      | Reached skill level 1 in Summonings
  1866 | D:2      | Reached skill level 1 in Translocations
  1866 | D:2      | Reached skill level 1 in Transmutations
  1866 | D:2      | Reached skill level 1 in Fire Magic
  1866 | D:2      | Reached skill level 1 in Ice Magic
  1866 | D:2      | Reached skill level 1 in Air Magic
  1866 | D:2      | Reached skill level 1 in Earth Magic
  1866 | D:2      | Reached skill level 1 in Poison Magic
  2059 | D:3      | Found a faded altar of an unknown god.
  2262 | D:3      | Slain by an orc wizard

Illustrated notes

Levels and vault maps discovered:
D:1:      sevenhm_arrival_forest_fort_small_3, layout_loops_ring,
          skrybe_limestone_x
D:2:      layout_loops_ring
D:3:      layout_basic, mainiacjoe_overflow_alcove_2,
          shapermc_ecumenical_altar_starsandcircs, minivault_11

Skill      XL: |  1  2  3  4 |
---------------+-------------+-----
Spellcasting   | 5 |  5.1
Invocations    | 1 |  1.4
Fighting       | 1 |  1.2
Short Blades   | 1 |  1.2
Long Blades    | 1 |  1.2
Axes           | 1 |  1.2
Maces & Flails | 1 |  1.2
Polearms       | 1 |  1.2
Staves         | 1 |  1.2
Ranged Weapons | 1 |  1.2
Throwing       | 1 |  1.2
Armour         | 1 |  1.2
Shields        | 1 |  1.2
Unarmed Combat | 1 |  1.2
Evocations     | 1 |  1.2
Conjurations   | 1 |  1.0
Hexes          | 1 |  1.0
Summonings     | 1 |  1.0
Translocations | 1 |  1.0
Transmutations | 1 |  1.0
Fire Magic     | 1 |  1.0
Ice Magic      | 1 |  1.0
Air Magic      | 1 |  1.0
Earth Magic    | 1 |  1.0
Poison Magic   | 1 |  1.0
Dodging        | |  4.7
Stealth        | |  4.3
Necromancy     | |  7.1

Action                   |  1- 3 |  4- 6 || total
-------------------------+-------+-------++-------
Melee: Dagger            |    32 |    48 ||    80
       Bite              |     7 |     5 ||    12
       Unarmed           |     1 |       ||     1
       Punch             |     1 |     1 ||     2
 Cast: Necrotise         |    31 |    16 ||    47
       Vampiric Draining |       |     2 ||     2
  Use: Scroll            |     1 |     4 ||     5
 Stab: Sleeping          |     4 |     3 ||     7
Armor: Robe              |     5 |     7 ||    12
Dodge: Dodged            |    29 |    66 ||    95
